woodfighter, neutral female scurrid Archeologist ----------------------------------- ----- `#########..........u.......................|##`########.>..| -------- # |.............*....................# % #### |.^.| |......-###########|..------------.....------------..| ---|- |.....<| #|..|.!)|...|..|.....|..|(.(|...|..| ## |.......######### #|..|)[*|...|..|........|.((|.[.|..| # |......| # #|..|%*+|...|..|.....|..|@..|...|..| ## |......|###########|..|@([|...||--.....----|----|--...######------.--- |......| #...-|----|--....e.................| #.........| -------- #|..............{....u.{...........| |........| #|..-|----|--....---+--............| |........| #|..|@..|...|---.|....|.------|--..| ---------- #|..|((.|...|....|..@.|....|....|..| #|..|(..|...|[.|.|..@.|.|..|.(..|..| #|..|(((|...|..|[|..(.|.|..|....|..| #|..------------.------.---------..| |.................................| |.................................| ----------------------------------- woodfighter the Exhumer Experience level: 11 Strength: 16 Dexterity: 15 Constitution: 15 Intelligence: 16 Wisdom: 15 Charisma: 11 Health: 0(78) Energy: 77(77) Def: 16 Gold: 0 Moves: 13861 Dungeon seed: LRS_hIDVp1IsUn2R Game ID: woodfighter_1532908595 Your Inventory: Weapons a - a very rusty corroded +1 dwarvish mattock (weapon in paws) R - 32 blessed +5 darts (in quiver) Armor e - an uncursed +1 dwarvish cloak (being worn) n - an uncursed +0 pair of leather gloves (being worn) r - an uncursed +0 dwarvish cloak z - an uncursed +0 dwarvish cloak P - an uncursed +0 dwarvish mithril-coat (being worn) T - a blessed +0 helmet (being worn) Y - an uncursed +0 pair of elven boots (being worn) Comestibles B - 5 uncursed food rations D - an uncursed carrot K - an uncursed chestnut Z - an uncursed lizard corpse Rings C - a blessed +1 ring of increase damage (on right paw) E - an uncursed ring of shock resistance (on left paw) Wands d - a wand of lightning (0:3) f - a wand of digging (0:6) j - a wand of create monster (0:9) u - a wand of magic missile (0:6) M - a wand of enlightenment (0:6) Tools b - an uncursed stethoscope q - a -2 unicorn horn s - a blessed bag of holding t - a blessed brass lantern (0:1307) w - an uncursed magic whistle y - an uncursed skeleton key N - a +0 unicorn horn W - an uncursed towel Gems i - a blessed luckstone Contents of the bag of holding: 251 gold pieces an uncursed [+0] mummy wrapping an uncursed lizard corpse 2 uncursed sprigs of wolfsbane 2 uncursed potions of gain level an uncursed ring of conflict an uncursed [+0] unicorn horn Spells and supernatural/magical abilities: Name Level Category Fail Memory W - pray for help -- divine ? -- Your skills at the end: Miscellaneous Skills wands [Basic] Weapon Skills pick-axe [Skilled] dart [Skilled] boomerang [Basic] whip [Basic] Spellcasting Skills Final Attributes: You were fervently aligned. You were cold resistant. You were sleep resistant. You were shock resistant. You were poison resistant. You were blinded. Your writing paw was ok. You were telepathic. You had automatic searching. You had infravision. You were invisible. You were very stealthy. You had a +1 damage bonus. You were protected. You were fast. You were extremely lucky. You had extra luck. Good luck did not time out for you. You are dead. Vanquished creatures: a stone golem an Olog-hai a vampire lord 3 vampires 5 ghosts an ettin a lieutenant a queen bee 2 giant mimics a fire giant an Elvenking an umber hulk a doppelganger a wumpus 3 couatls 2 hill giants a giant mummy an elf-lord 4 giant zombies 3 quantum mechanics 7 small mimics a glass piercer a warhorse 2 ogre lords a sasquatch a pyrolisk a freezing sphere a flaming sphere a tiger 2 gargoyles 2 tengu an ochre jelly 2 crocodiles a chameleon 2 leocrottas an energy vortex an elf mummy a human mummy a pit viper 2 pythons 6 wraiths an ettin zombie 2 leather golems a soldier 4 giant beetles 4 cockatrices 2 wolves 2 black lights a lynx 2 panthers a leprechaun a quivering blob 2 spotted jellies 2 lizards a mountain nymph a scorpion a horse 2 vampire bats a gnome king 3 orc mummies 2 dwarf mummies 3 ogres 3 Green-elves a rust monster an owlbear a yeti a gold golem a werewolf 2 piranhas 4 chickatrices a dog 2 dingos 3 jaguars 2 dwarf lords a water nymph 3 white unicorns 4 black unicorns a dust vortex a gnome mummy 6 Woodland-elves a snake 3 apes 13 human zombies a soldier ant a fire ant 4 yellow lights 4 bugbears 3 wood nymphs 3 rock moles 5 rock piercers 5 ponies 6 fog clouds 2 shriekers 4 violet fungi 10 gnome lords 2 gnomish wizards a red naga hatchling a guardian naga hatchling a gray ooze a barrow wight 4 elf zombies a ghoul a straw golem a paper golem a giant ant a puppy 5 floating eyes 5 kittens 21 dwarves 6 homunculi 3 quasits 2 kobold lords 4 kobold shamans 6 iguanas 14 hill orcs 16 rothes a centipede 3 jitterbugs 2 giant bats 13 orc zombies 13 dwarf zombies a werejackal 17 killer bees 6 coyotes 2 gas spores 12 hobbits 4 acid blobs 7 geckos 6 hobgoblins a giant rat 2 cave spiders 2 brown molds 5 yellow molds 4 red molds 41 gnomes 2 garter snakes 7 manes 4 gnome zombies 3 jackals 4 foxes 4 kobolds 9 newts 6 goblins 3 sewer rats 7 grid bugs 9 lichens 11 kobold zombies 523 creatures vanquished. Voluntary challenges: You did not have reflection. You were not displaced. You used a wielded weapon 1122 times, starting on turn 141. You did not use plumbed fixtures. You read items or engraved 6 times, starting on turn 2504. You never genocided any monsters. You never polymorphed an object. You changed form 1 time, starting on turn 12710. You completed Sokoban on turn 4352, according to the rules. You used no wishes. You never split a pudding. You never wrote Elbereth's name. You violated your moral code, losing 5 points of alignment, starting on turn 13857. Dungeon overview: The Dungeons of Doom: levels 1 to 23 Level 1 an altar to Quetzalcoatl, a sink a long staircase Level 2 some fountains Level 3 (water) a scroll shop, some fountains Level 4 (vault) stairs to The Gnomish Mines Level 5 a fountain Level 6 (water) a fountain Level 7 (sting in shop) a weapon shop, some fountains Level 8 (uicorn) many fountains Level 9 stairs to Sokoban Level 10 Level 11 (water) some fountains Level 12 a fountain Level 13 some fountains Level 14 (vault) some fountains Level 15 (quest) a magic portal Level 16 Level 17 Level 18 (rogue) Level 19 (red dragons) a fountain Level 20 some fountains Level 21 (vault) Level 22 Level 23 (medusa) The Gnomish Mines: levels 5 to 12 Level 5 stairs to The Dungeons of Doom Level 6 Level 7 <- You were here some shops, a temple to Camaxtli, a magic chest, some fountains Level 8 Level 9 Level 10 Level 11 Level 12 a magic chest, a fountain Sokoban: levels 5 to 8 Level 5 a magic chest Level 6 Level 7 Level 8 an altar to Moloch, a magic chest stairs to The Dungeons of Doom History has recorded: On T:1 you entered the Dungeons of Doom to retrieve the Amulet of Yendor! On T:34 you reached level 2 of The Dungeons of Doom. On T:260 you reached level 3 of The Dungeons of Doom. On T:312 you advanced to experience level 2. On T:421 you advanced to experience level 3. On T:630 you reached level 4 of The Dungeons of Doom. On T:679 you advanced to experience level 4. On T:756 you reached level 1 of The Gnomish Mines. On T:885 you reached level 5 of The Dungeons of Doom. On T:965 you reached level 6 of The Dungeons of Doom. On T:1147 you advanced to experience level 5. On T:1148 you reached level 7 of The Dungeons of Doom. On T:1403 you reached level 8 of The Dungeons of Doom. On T:1462 you advanced to experience level 6. On T:1653 you prayed to Camaxtli. On T:1674 you reached level 9 of The Dungeons of Doom. On T:2414 you prayed to Camaxtli. On T:2417 you advanced to experience level 7. On T:2451 you reached level 4 of Sokoban. On T:2503 you opened a magic chest. On T:2694 you reached level 3 of Sokoban. On T:3474 you reached level 2 of Sokoban. On T:3723 you reached level 1 of Sokoban. On T:3774 you advanced to experience level 8. On T:4352 you advanced to experience level 9. On T:4352 you entered the Sokoban zoo. On T:5102 you reached level 2 of The Gnomish Mines. On T:5165 you reached level 3 of The Gnomish Mines. On T:5761 you entered the Minetown temple On T:5799 you prayed to Camaxtli. On T:5862 you reached level 4 of The Gnomish Mines. On T:6062 you reached level 5 of The Gnomish Mines. On T:6389 you prayed to Camaxtli. On T:6395 you reached level 6 of The Gnomish Mines. On T:6557 you reached level 7 of The Gnomish Mines. On T:7266 you reached level 8 of The Gnomish Mines. On T:7266 you reached the bottom of the Mines. On T:8306 you reached level 10 of The Dungeons of Doom. On T:8345 you reached level 11 of The Dungeons of Doom. On T:8557 you advanced to experience level 10. On T:8927 you reached level 12 of The Dungeons of Doom. On T:9125 you reached level 13 of The Dungeons of Doom. On T:9303 you reached level 14 of The Dungeons of Doom. On T:9548 you reached level 15 of The Dungeons of Doom. On T:9611 you advanced to experience level 11. On T:10195 you prayed to Camaxtli. On T:10717 you reached level 16 of The Dungeons of Doom. On T:11007 you reached level 17 of The Dungeons of Doom. On T:11255 you reached level 18 of The Dungeons of Doom. On T:11255 you entered the Rogue tribute level. On T:11648 you reached level 19 of The Dungeons of Doom. On T:11819 you reached level 20 of The Dungeons of Doom. On T:12120 you reached level 21 of The Dungeons of Doom. On T:12176 you reached level 22 of The Dungeons of Doom. On T:12524 you reached level 23 of The Dungeons of Doom. On T:13688 you prayed to Camaxtli. Score breakdown: Gold: 251 ( 25 points) Experience: 11 levels ( 1000 points) Exploration: 23 levels ( 660 points) Discoveries: 61 items ( 2000 points) Variety of kills: 147 monsters ( 2000 points) Major goal: Sokoban/Mines ( 1500 points) Survival: died (score multiplied by 3) Total score: 21555 Latest messages: The priestess of Camaxtli casts a spell at you! Scales cover your eyes! You hit the priestess of Camaxtli. (2x) The priestess of Camaxtli hits you! The priestess of Camaxtli kicks! You hear a mumbled curse. You hit the priestess of Camaxtli. Camaxtli roars in anger: "Thou shalt suffer!" The bolt of lightning hits you! You aren't affected. The bolt of lightning whizzes by you! You hit the priestess of Camaxtli. The priestess of Camaxtli hits you! The priestess of Camaxtli kicks! The priestess of Camaxtli casts a spell! Status of the priestess of Camaxtli (neutral): Level 11 HP 25(47) Def 2. You hit the priestess of Camaxtli. (2x) Camaxtli's voice booms: "How darest thou harm my servant!" The bolt of lightning misses the priestess of Camaxtli. The bolt of lightning whizzes by you! (2x) The bolt of lightning hits the priestess of Camaxtli. You hear crackling. The priestess of Camaxtli misses. The priestess of Camaxtli kicks! You die... Final status: Goodbye woodfighter the Archeologist, killed by a priestess of Camaxtli... You died in The Gnomish Mines on dungeon level 7 with 21555 points, and 251 pieces of gold, after 13861 moves. You were level 11 with a maximum of 78 hit points when you died.